 Dungeon Crawl Stone Soup version 0.29.1-13-g9f3cf754e1 (webtiles) character file.

Game seed: 9088652699289107838

65 theswoord the Twirler (level 3, 0/27 HPs)
             Began as a Demonspawn Gladiator on Jan 22, 2023.
             Slain by a kobold brigand
             ... wielding a +0 club
              (6 damage)
             ... on level 3 of the Dungeon.
             The game lasted 00:02:46 (2381 turns).

theswoord the Twirler (Demonspawn Gladiator)        Turns: 2381, Time: 00:02:46

Health: 0/27       AC: 14    Str: 14    XL:     3   Next: 92%
Magic:  3/3        EV: 11    Int:  9    God:
Gold:   92         SH:  0    Dex: 16    Spells: 2/2 levels left

rFire   . . .      SeeInvis .   a - +0 quarterstaff
rCold   . . .      Faith    .   (shield currently unavailable)
rNeg    . . .      Spirit   .   o - +0 ring mail
rPois   +          Reflect  .   c - +0 helmet
rElec   .          Harm     .   (no cloak)
rCorr   .          Rampage  .   i - +2 pair of gloves
Will    .....                   (no boots)
Stlth   +.........              (no amulet)
HPRegen 0.09/turn               h - +4 ring of protection
MPRegen 0.08/turn               r - ring of poison resistance

@: hasted, slow
A: rugged brown scales 1
a: no special abilities


You were on level 3 of the Dungeon.
You visited 1 branch of the dungeon, and saw 3 of its levels.

You collected 92 gold pieces.

Inventory:

Hand Weapons
 a - a +0 quarterstaff (weapon)
Missiles
 d - 3 throwing nets (quivered)
 e - a javelin
Armour
 b - a +0 leather armour
 c - a +0 helmet (worn)
 i - a +2 pair of gloves (worn)
 o - a +0 ring mail (worn)
Jewellery
 h - a +4 ring of protection (left hand)
 r - a ring of poison resistance (right hand)
 u - a ring of magical power
Scrolls
 j - a scroll of vulnerability
 m - a scroll of teleportation
Potions
 g - a potion of brilliance {unknown}
 k - 2 potions of curing
 p - 2 potions of heal wounds {unknown}
 v - 2 potions of lignification {unknown}


   Skills:
 - Level 2.0 Fighting
 + Level 4.4 Staves
 - Level 1.7 Throwing
 - Level 2.6 Dodging


You had 2 spell levels left.
You didn't know any spells.
Your spell library was empty.

Dungeon Overview and Level Annotations

Branches:
Dungeon (3/15)

Altars:
Cheibriados
Trog


Innate Abilities, Weirdness & Mutations

You are partially covered in rugged brown scales. (AC +1, +3% HP)


Message History

The curare-tipped dart barely misses you.
Things that are here:
a +0 club; a kobold corpse Your unstable footing causes you to fumble your attack.
You hit the kobold brigand.
The kobold brigand is severely wounded.
Your unstable footing causes you to fumble your attack.
The kobold brigand hits you but does no damage.
Your unstable footing causes you to fumble your attack.
The kobold brigand barely misses you.
Your unstable footing causes you to fumble your attack.
The kobold brigand barely misses you.
You hit the kobold brigand but do no damage.
The kobold brigand is severely wounded.
The kobold brigand barely misses you.
The kobold brigand hits you but does no damage.
You feel yourself speed up. The kobold brigand barely misses you.
You barely miss the kobold brigand.
The kobold brigand is heavily wounded.
Your unstable footing causes you to fumble your attack.
The kobold brigand hits you with a +0 club.
Your unstable footing causes you to fumble your attack.
The kobold brigand barely misses you.
You hit the kobold brigand.
The kobold brigand is severely wounded.
You closely miss the kobold brigand.
The kobold brigand is severely wounded.
The kobold brigand hits you with a +0 club!
* * * LOW HITPOINT WARNING * * *
You hit the kobold brigand.
The kobold brigand is severely wounded.
The kobold brigand closely misses you.
You sock the kobold brigand!
The kobold brigand is almost dead.
Your unstable footing causes you to fumble your attack.
The kobold brigand hits you with a +0 club.
* * * LOW HITPOINT WARNING * * *
Your unstable footing causes you to fumble your attack.
The kobold brigand hits you with a +0 club.
You die...

#..#.....# ##~.
#.....#.## #~~#
#.....#.#.K##~~##
#######.#.K#≈~~~#
#.#.K#≈≈~~#
#.#..#≈~~~# .##
#.#..##~~## ....
#.##..#~~#
.....##.#..#@##
........#..#K#
####.##.)..KK# #
########


You could see a kobold brigand and 2 kobolds.

Vanquished Creatures
  An adder (D:2)
  A worm (D:2)
  2 dart slugs (D:1)
  An orc (D:3)
  8 ball pythons
  3 bats
  3 endoplasms
  A giant cockroach (D:2)
  3 goblins (D:1)
  4 hobgoblins
  9 kobolds
  A quokka (D:3)
  4 frilled lizards
  8 rats
49 creatures vanquished.

Notes
Turn   | Place    | Note
-------+----------+-------------------------------------------
     0 | D:1      | theswoord the Demonspawn Gladiator began the quest for the
                  | Orb.
     0 | D:1      | Reached XP level 1. HP: 16/16 MP: 1/1
     1 | D:1      | Found a snail-covered altar of Cheibriados.
   126 | D:1      | Reached skill level 3 in Staves
   223 | D:1      | Gained mutation: You are partially covered in rugged brown
                  | scales. (AC +1, +3% HP) [demonic ancestry]
   223 | D:1      | Reached XP level 2. HP: 13/22 MP: 2/2
  1230 | D:2      | Found a faded altar of an unknown god.
  1237 | D:2      | Reached XP level 3. HP: 19/27 MP: 3/3
  1245 | D:2      | Reached skill level 4 in Staves
  2130 | D:2      | Identified the +0 robe of Hairiness {rF++}
  2255 | D:3      | Found a bloodstained altar of Trog.
  2351 | D:3      | Noticed a kobold brigand
  2381 | D:3      | Slain by a kobold brigand

Skill      XL: |  1  2  3 |
---------------+----------+-----
Staves         | 3 4 |  4.4
Fighting       | |  2.0
Throwing       | |  1.7
Dodging        | |  2.6

Action                   || total
-------------------------++-------
Melee: Quarterstaff      ||   153
  Use: Scroll            ||     8
       Potion            ||     1
Armor: Leather armour    ||    17
       Ring mail         ||    44
Dodge: Dodged            ||   110

Levels and vault maps discovered:
D:1:      sevenhm_arrival_forest_fort_small_6, layout_loops_cross
D:2:      layout_basic, nicolae_ecumenical_snake_handling
D:3:      cheibrodos_thug_alley, layout_loops_cross,
          mainiacjoe_overflow_boulevard, gammafunk_ghost_abyssal_escape,
          kennysheep_cluttered_room
